 Dungeon Crawl Stone Soup version 0.31.0-12-g77e489cdc1 (webtiles) character file.

Game seed: 48311198828573467

11620 Chiseanne the Fighter (level 11, -8/80 (87) HPs)
             Began as a Demonspawn Wanderer on Feb 17, 2024.
             Was an Elder of Vehumet.
             Incinerated by a deep elf pyromancer (21 damage)
             ... with a pyre arrow
             ... on level 10 of the Dungeon.
             The game lasted 00:29:16 (10221 turns).

Chiseanne the Fighter (Demonspawn Wanderer)        Turns: 10221, Time: 00:29:17

HP:   -8/80 (87)    AC: 11    Str: 13    XL:     11   Next: 51%
MP:   0/21          EV: 12    Int: 18    God:    Vehumet [****..]
Gold: 346           SH:  6    Dex: 11    Spells: 12/24 levels left

rFire   . . .        a - +4 bardiche of the Jumping Ancients {spect, Will++}
rCold   + . .        (shield currently unavailable)
rNeg    . . .        x - +1 acid dragon scales
rPois   .            w - +0 hat
rElec   .            (no cloak)
rCorr   +            g - +1 pair of gloves
SInv    .            (no boots)
Will    ++...        (no amulet)
Stlth   +            r - ring of flight
HPRegen 0.33/turn    t - ring of protection from cold
MPRegen 0.34/turn

%: guardian spirit
@: on fire, flying, glowing, drained
A: large bone plates 2, spiny 1, magic shield, magic regeneration
a: Renounce Religion


You were on level 10 of the Dungeon.
You worshipped Vehumet.
Vehumet was greatly pleased with you.
You visited 2 branches of the dungeon, and saw 11 of its levels.

You collected 575 gold pieces.
You spent 229 gold pieces at shops.

Inventory:

Hand Weapons
 a - the +4 bardiche of the Jumping Ancients (weapon) {spect, Will++}
   (You found it on level 5 of the Dungeon)

   Will++:    It greatly increases your willpower.
 s - the +4 war axe "Egg" {freeze, ^Contam rElec Will+++ SInv}
   (You bought it in a shop on level 5 of the Dungeon)

   rElec:     It insulates you from electricity.
   Will+++:   It greatly increases your willpower.
   SInv:      It lets you see invisible.
   ^Contam:   It causes magical contamination when unequipped.
 v - a +3 scimitar of flaming
 E - a -1 demon whip of venom
 I - a +0 whip of electrocution
Missiles
 b - 2 boomerangs
 d - 4 curare-tipped darts (quivered)
 e - a throwing net
 f - 32 poisoned darts
Armour
 g - a +1 pair of gloves (worn)
 o - a +0 kite shield
 w - a +0 hat (worn)
 x - +1 acid dragon scales (worn)
 B - a +0 ring mail of fire resistance
 H - a +0 robe of resistance
Magical Staves
 j - a staff of fire
Jewellery
 r - a ring of flight (left hand)
 t - a ring of protection from cold (right hand)
Wands
 m - a wand of iceblast (10)
 n - a wand of digging (1)
 q - a wand of light (20)
 A - a wand of mindburst (13)
 C - a wand of polymorph (12)
 F - a wand of flame (11)
Scrolls
 c - 6 scrolls of teleportation
 y - a scroll of revelation
 D - 2 scrolls of enchant weapon
 K - a scroll of amnesia
Potions
 h - 2 potions of ambrosia
 i - a potion of haste
 k - 3 potions of heal wounds
 l - a potion of curing
 p - 2 potions of mutation
 u - 2 potions of resistance
 z - a potion of invisibility {unknown}
 G - a potion of brilliance {unknown}
 J - a potion of lignification {unknown}


   Skills:
 * Level 8.9 Fighting
 - Level 1.7 Axes
 * Level 8.3 Armour
 - Level 3.0 Dodging
 * Level 7.2 Spellcasting
 * Level 7.9 Conjurations
 * Level 7.1 Air Magic


You had 12 spell levels left.
You knew the following spells:

 Your Spells              Type           Power      Damage    Failure   Level
a - Shock                 Conj/Air       100%       1d9       1%          1
b - Searing Ray           Conj           70%        2d7       1%          2
c - Fireball              Conj/Fire      10%        3d6       21%         5
d - Mephitic Cloud        Conj/Alch/Air  24%        N/A       1%          3
e - Apportation           Tloc           12%        N/A       14%         1

Your spell library contained the following spells:

 Spells                   Type           Power      Damage    Failure   Level
 Sting                    Conj/Alch      80%        1d8       1%          1
 Static Discharge         Conj/Air       66%        3-6/arc   1%          2
 Airstrike                Air            16%        2d(3-19)  2%          4
 Fulminant Prism          Conj/Alch      10%        3d9       8%          4
 Iskenderun's Mystic Bla  Conj/Tloc      20%        2d6       8%          4
 Volatile Blastmotes      Fire/Tloc      12%        2d11      12%         3
 Necrotise                Necr           24%        1d5       14%         1
 Summon Small Mammal      Summ           24%        N/A       14%         1
 Summon Lightning Spire   Summ/Air       19%        N/A       32%         4
 Manifold Assault         Tloc           6%         N/A       82%         4
 Dispersal                Tloc           3%         N/A       100%        6
 Disjunction              Tloc           3%         N/A       100%        8


Dungeon Overview and Level Annotations

Branches:
Dungeon (10/15)            Temple (1/1) D:4            Lair (0/5) D:9
    Orc: D:9-12

Altars:
Ashenzari
Cheibriados
Dithmenos
Fedhas
Gozag
Hepliaklqana
Kikubaaqudgha
Makhleb
Nemelex Xobeh
Okawaru
Qazlal
Ru
Sif Muna
Trog
Uskayaw
Vehumet
Wu Jian
Xom
Yredelemnul

Shops:
D:1 [   D:5 *(**

Annotations:
D:3 1 runed translucent door, Crazy Yiuf
D:5 3 runed translucent doors, Quickbrownfox's ghost, novice OpSh


Innate Abilities, Weirdness & Mutations

You are mostly covered in large bone plates. (SH +6)
You are partially covered in sharp spines.
When hurt, damage is shared between your health and your magic reserves.
You regenerate magic rapidly.


Message History

The deep elf pyromancer misses you.
You completely miss the deep elf pyromancer.
The deep elf pyromancer is moderately wounded.
Your +4 bardiche of the Jumping Ancients {spect, Will++} hits the deep elf pyromancer!
The liquid fire burns you!
The deep elf pyromancer gestures wildly while chanting.
You block the deep elf pyromancer's attack.
You hit the deep elf pyromancer.
The deep elf pyromancer is severely wounded.
Your +4 bardiche of the Jumping Ancients {spect, Will++} barely misses the deep elf pyromancer.
The liquid fire burns you!
The deep elf pyromancer points at you and mumbles some strange words.
The bolt of fire hits you!
* * * LOW HITPOINT WARNING * * *
You block the deep elf pyromancer's attack.
Casting: Searing Ray (safe; 1% risk of failure)
Confirm with . or Enter, or press ? or * to list all spells.
Aiming: Searing Ray (safe; 1% risk of failure)
Press: ? - help, Shift-Dir - straight line, f - deep elf pyromancer
Aim: a deep elf pyromancer, wielding a +0 long sword of protection and wearing a +0 ring mail (severely wounded, 76% to hit)
The searing ray hits the deep elf pyromancer!
The deep elf pyromancer is almost dead. (Press . to maintain the ray.)
Your +4 bardiche of the Jumping Ancients {spect, Will++} disappears.
The liquid fire burns you!
* * * LOW HITPOINT WARNING * * *
The deep elf pyromancer is struck by your spines.
The deep elf pyromancer misses you.
The searing ray hits the deep elf pyromancer but does no damage.
The deep elf pyromancer is almost dead.
The liquid fire burns you!
* * * LOW HITPOINT WARNING * * *
The deep elf pyromancer is struck by your spines.
The deep elf pyromancer hits you but does no damage.
You slash the deep elf pyromancer!
You kill the deep elf pyromancer!
Vehumet accepts your kill.
You feel your power returning. The liquid fire burns you!
You die...

#############
##...........#
#..#########.#
#.##########.# #.#
#....@.#.# #.#
#.####$#)# #.# #.#e.
○#.# #.# #.######.#.#
#.# #.#..'.)...# #
##.###.#.(#)#####.#
##...##.#..#)......#
#.#####.######)#######
#.# #......#.......#


There were no monsters in sight!

Vanquished Creatures
  Josephine (D:10)
  Erica (D:9)
  Amaemon (D:9)
  Pikel (D:7)
  A deep elf pyromancer (D:10)
  An elephant (D:9)
  An orange demon (D:9)
  Maggie (D:6)
  Prince Ribbit (D:6)
  5 wraiths (D:10)
  3 wyverns
  2 basilisks (D:9)
  10 yaks
  A steam dragon (D:8)
  Menkaure (D:7)
  2 swamp worms (D:7)
  A water moccasin (D:6)
  2 sky beasts (D:7)
  5 orc warriors
  A laughing skull (D:10)
  An ice beast (D:6)
  A black bear (D:4)
  2 ogres
  3 wolves (D:8)
  2 centaurs
  3 lemures (D:7)
  4 kobold brigands
  2 phantoms
  5 bullfrogs
  5 scorpions
  A wyvern zombie (D:6)
  2 necrophages (D:6)
  13 wights
  3 killer bees (D:9)
  2 howler monkeys
  A bullfrog zombie (D:6)
  A gnoll bouda (D:9)
  A human zombie (D:6)
  2 centaur zombies (D:6)
  2 hounds
  A jelly (D:6)
  5 orc priests
  3 iguanas
  2 sleepcaps
  Ijyb (D:4)
  11 orc wizards
  2 mummies (D:6)
  2 howler monkey zombies (D:6)
  18 gnolls
  8 adders
  2 white imps
  2 ufetubi (D:6)
  3 dart slugs
  A ribbon worm (D:4)
  28 orcs
  5 bats
  4 endoplasms
  3 giant cockroaches
  4 goblins
  6 hobgoblins
  7 jackals
  2 quokkas (D:2)
  4 ball pythons
  A frilled lizard (D:1)
  19 kobolds
  2 rats (D:2)
244 creatures vanquished.

Vanquished Creatures (others)
  Grum (D:8)
  A swamp worm (D:7)
  A lemure (D:7)
  A killer bee (D:9)
  A hobgoblin (D:4)
5 creatures vanquished.

Grand Total: 249 creatures vanquished

Notes
Turn   | Place    | Note
-------+----------+-------------------------------------------
     0 | D:1      | Chiseanne the Demonspawn Wanderer began the quest for the
                  | Orb.
     0 | D:1      | Chiseanne set off with the following items: a +2 hand axe,
                  | a +0 ring mail, a scroll of teleportation; and the
                  | following spell memorised: Shock; and the following spells
                  | available to memorise: Mephitic Cloud.
     0 | D:1      | Reached XP level 1. HP: 16/16 MP: 2/2
    40 | D:1      | Found Neisucly's Antique Armour Emporium.
    91 | D:1      | Gained mutation: You regenerate magic rapidly. [demonic
                  | ancestry]
    91 | D:1      | Reached XP level 2. HP: 21/22 MP: 3/3
   291 | D:1      | Found a faded altar of an unknown god.
   609 | D:2      | Found a sacrificial altar of Ru.
   891 | D:2      | Gained mutation: You are partially covered in sharp spines.
                  | [demonic ancestry]
   891 | D:2      | Reached XP level 3. HP: 26/28 MP: 4/4
  1068 | D:2      | Gained mutation: When hurt, damage is shared between your
                  | health and your magic reserves. [demonic ancestry]
  1068 | D:2      | Reached XP level 4. HP: 31/35 MP: 5/5
  1560 | D:3      | Found an ornate altar of the Wu Jian Council.
  1753 | D:3      | Reached XP level 5. HP: 26/41 MP: 4/6
  1919 | D:3      | Found a burning altar of Makhleb.
  2111 | D:3      | Found a shimmering blue altar of Sif Muna.
  2424 | D:3      | Found a runed translucent door.
  2425 | D:3      | Noticed Crazy Yiuf
  2687 | D:4      | Noticed a phantom
  2703 | D:4      | Killed a phantom
  2753 | D:4      | Found a staircase to the Ecumenical Temple.
  2760 | D:4      | Noticed Ijyb
  2765 | Temple   | Entered the Ecumenical Temple
  2854 | Temple   | Became a worshipper of Vehumet
  2928 | D:4      | Killed Ijyb
  2929 | D:4      | Reached XP level 6. HP: 43/48 MP: 5/7
  3010 | D:5      | Entered Level 5 of the Dungeon
  3099 | D:5      | Found a broken altar of Ashenzari.
  3146 | D:5      | Identified the +4 bardiche of the Jumping Ancients {spect,
                  | Will++}
  3163 | D:5      | Found a blossoming altar of Fedhas.
  3241 | D:5      | Found a hide-covered altar of Uskayaw.
  3262 | D:5      | Found Loem's Assorted Antiques.
  3346 | D:5      | Found a bloodstained altar of Trog.
  3360 | D:5      | Reached skill level 1 in Air Magic
  3406 | D:5      | Found Lacryfis's Assorted Antiques.
  3507 | D:5      | Found a stormy altar of Qazlal.
  3509 | D:5      | Noticed an air elemental
  3510 | D:5      | Noticed a water elemental
  3510 | D:5      | Noticed a fire elemental
  3516 | D:5      | Found Hujiqauzeo's Assorted Antiques.
  3663 | D:5      | Gained mutation: You are partially covered in large bone
                  | plates. (SH +4) [demonic ancestry]
  3663 | D:5      | Reached XP level 7. HP: 55/55 MP: 9/9
  3840 | D:5      | Found a runed translucent gate.
  3841 | D:5      | Found a runed translucent gate.
  3841 | D:5      | Found a runed translucent gate.
  3911 | D:5      | Noticed Quickbrownfox's ghost (novice OpSh)
  4041 | D:4      | Reached * piety under Vehumet
  4041 | D:4      | Offered knowledge of Kiss of Death by Vehumet.
  4062 | D:4      | Found a hazy altar of Hepliaklqana.
  4124 | D:4      | Reached skill level 5 in Armour
  4130 | D:4      | Reached skill level 5 in Fighting
  4342 | D:4      | Reached XP level 8. HP: 58/62 MP: 12/12
  4540 | D:4      | Learned a level 3 spell: Mephitic Cloud
  4607 | D:5      | Found Liadyoc's Antique Weapon Emporium.
  4617 | D:5      | Bought a faintly glowing war axe for 229 gold pieces
  4617 | D:5      | Identified the +4 war axe "Egg" {freeze, ^Contam rElec
                  | Will+++ SInv} (You bought it in a shop on level 5 of the
                  | Dungeon)
  4682 | D:6      | Noticed Prince Ribbit
  4696 | D:6      | Killed Prince Ribbit
  4907 | D:6      | Found a basalt altar of Yredelemnul.
  5434 | D:6      | Gained mutation: You are mostly covered in large bone
                  | plates. (SH +6) [demonic ancestry]
  5434 | D:6      | Reached XP level 9. HP: 43/69 MP: 15/15
  5660 | D:6      | Noticed Maggie
  5669 | D:6      | Killed Maggie
  5887 | D:6      | Reached skill level 5 in Conjurations
  6341 | D:7      | Reached ** piety under Vehumet
  6344 | D:7      | Offered knowledge of Searing Ray by Vehumet.
  6645 | D:7      | Reached skill level 5 in Spellcasting
  6651 | D:7      | Noticed Menkaure
  6654 | D:7      | Killed Menkaure
  6666 | D:7      | Reached skill level 5 in Air Magic
  6701 | D:7      | Learned a level 2 spell: Searing Ray
  6703 | D:7      | Learned a level 1 spell: Apportation
  6813 | D:7      | Noticed Pikel
  6826 | D:7      | Killed Pikel
  6827 | D:7      | Reached XP level 10. HP: 48/79 MP: 11/18
  7288 | D:8      | Chiseanne: you fucking idiots
  7457 | D:8      | Offered knowledge of Inner Flame by Vehumet.
  7557 | D:8      | Noticed Grum
  7568 | D:8      | Killed Grum
  7990 | D:9      | Noticed Amaemon
  7991 | D:9      | Noticed an orange demon
  8004 | D:9      | Killed Amaemon
  8004 | D:9      | Reached *** piety under Vehumet
  8025 | D:9      | Killed an orange demon
  8076 | D:9      | Noticed an elephant
  8084 | D:9      | Killed an elephant
  8167 | D:9      | Found a staircase to the Lair.
  8286 | D:9      | Offered knowledge of Hailstorm by Vehumet.
  8489 | D:9      | Reached XP level 11. HP: 67/86 MP: 20/20
  8559 | D:9      | Noticed Erica
  8574 | D:9      | Killed Erica
  8841 | D:9      | Reached **** piety under Vehumet
  9160 | D:10     | Entered Level 10 of the Dungeon
  9316 | D:10     | Offered knowledge of Fireball by Vehumet.
  9323 | D:10     | Learned a level 5 spell: Fireball
  9323 | D:10     | Found a snail-covered altar of Cheibriados.
  9479 | D:10     | Found an opulent altar of Gozag.
  9598 | D:10     | Noticed Josephine
  9611 | D:10     | Killed Josephine
  9954 | D:10     | Noticed a deep elf pyromancer
 10221 | D:10     | Killed a deep elf pyromancer
 10221 | D:10     | Incinerated by a deep elf pyromancer

Illustrated notes

Levels and vault maps discovered:
D:1:      ebering_trefoil_3fold, layout_loops_cross,
          hellmonk_ecumenical_altar_leap_of_faith, serial_shops, shop,
          minmay_tree_intersection
D:2:      layout_loops_ring, basic_altar
D:3:      layout_basic, lemuel_tele_altar, lightli_temple_of_fire,
          amcnicky_altar_gilded, uniq_crazy_yiuf_cottage
D:4:      layout_rooms, mainiacjoe_overflow_alcove_2,
          minmay_temple_entry_junction, serial_glass, glass_columns_b,
          glass_columns_a, minmay_strange_pillars, feat_on_display,
          minmay_strange_pillars, feat_on_display, serial_bayou_lake_a,
          uniq_ijyb
D:5:      layout_loops_ring, nicolae_elyvilon_peaceful_grove,
          old_standard_altar, mainiacjoe_overflow_brackets,
          mainiacjoe_overflow_big_doors, nicolae_qazlal_style_of_elements,
          serial_shops, nicolae_shop_just_a_little_nook, shop, shop,
          nicolae_lakefront_shop, ebering_ghost_rock_garden,
          nicolae_ossuary_entry_ruins, roderic_serpentine_path
D:6:      minmay_clustersquares, layout_layer_cave,
          lemuel_mausoleum_altar_yredelemnul, uniq_prince_ribbit1, uniq_maggie
D:7:      layout_rooms, worms_lemuel, uniq_pikel, uniq_menkaure
D:8:      layout_cave_pools, kennysheep_generic_room_5, uniq_grum
D:9:      layout_roguey, david_lair_generic, corexii_hall_statues_t, uniq_erica,
          uniq_amaemon
D:10:     layout_loops_ring, pdpol_temple_overflow_zin_treasury_gozag_greed,
          kennysheep_slug_shrine, wad_mini_maze, uniq_josephine
Temple:   hellmonk_temple_of_storms

Skill      XL: |  1  2  3  4  5  6  7  8  9 10 11 |
---------------+----------------------------------+-----
Armour         | 3 4 5 6 7 8 |  8.3
Dodging        | 2 3 |  3.0
Fighting       | 3 4 5 7 8 |  8.9
Air Magic      | 1 2 3 5 6 7 |  7.1
Conjurations   | 2 3 4 5 7 |  7.9
Spellcasting   | 2 4 5 6 7 |  7.2
Axes           | |  1.7

Action                     |  1- 3 |  4- 6 |  7- 9 | 10-12 || total
---------------------------+-------+-------+-------+-------++-------
  Melee: Hand axe          |    64 |    74 |       |       ||   138
         Punch             |       |     2 |       |       ||     2
         Bardiche          |       |    20 |   154 |   186 ||   360
  Throw: Dart              |       |       |     6 |     5 ||    11
   Cast: Shock             |       |       |    21 |    20 ||    41
         Mephitic Cloud    |       |       |     5 |    18 ||    23
         Searing Ray       |       |       |       |     4 ||     4
         Fireball          |       |       |       |     1 ||     1
  Evoke: Wand              |       |       |     6 |     5 ||    11
    Use: Scroll            |     2 |     7 |     5 |     6 ||    20
         Potion            |       |     1 |       |     3 ||     4
   Stab: Confused          |       |       |       |     6 ||     6
 Armour: Ring mail         |    50 |    84 |    74 |       ||   208
         Acid dragon scale |       |       |    34 |   129 ||   163
  Dodge: Dodged            |    44 |    47 |    67 |    99 ||   257
  Block: Other             |       |       |    37 |    48 ||    85
